 Dungeon Crawl Stone Soup version 0.31-a0-145-g046c7d2549 (webtiles) character file.

Game seed: 8783517270340180017

177130 qw the Marksminotaur (level 17, -7/166 HPs)
             Began as a Minotaur Hunter on June 7, 2023.
             Was an Elder of Okawaru.
             Mangled by a ghost moth (16 damage)
             ... on level 4 of the Spider Nest.
             The game lasted 00:11:19 (24037 turns).

qw the Marksminotaur (Minotaur Hunter)             Turns: 24037, Time: 00:11:20

Health: -7/166     AC: 30    Str: 16    XL:     17   Next: 53%
Magic:  0/32       EV: 31    Int: 11    God:    Okawaru [****..]
Gold:   2285       SH:  0    Dex: 28    Spells: 16/16 levels left

rFire   + . .        r - +9 longbow (freeze)
rCold   + . .        (shield currently unavailable)
rNeg    . . .        l - +5 swamp dragon scales
rPois   +            u - +4 hat of Piciroge {Int+5}
rElec   .            s - +1 cloak of Inviolability {rF+}
rCorr   .            t - +2 pair of gloves {hurl}
SInv    .            m - +0 pair of boots
Will    +....        b - amulet "Kuotwa" {+Inv Regen+ MP+9}
Stlth   +++          j - +6 ring of dexterity
HPRegen 1.27/turn    v - ring of protection from cold
MPRegen 0.23/turn

%: no passive effects
@: about to teleport, heroic
A: horns 2, retaliatory headbutt
a: Renounce Religion, Evoke Invisibility, Heroism, Finesse


You were on level 4 of the Spider Nest.
You worshipped Okawaru.
Okawaru was greatly pleased with you.
You visited 6 branches of the dungeon, and saw 30 of its levels.

You collected 2704 gold pieces.
You spent 419 gold pieces at shops.


Innate Abilities, Weirdness & Mutations

You have a pair of horns on your head.
You reflexively headbutt those who attack you in melee.


   Skills:
 + Level 18.9(23.9) Fighting
 - Level 20.0(25.0) Ranged Weapons
 - Level 13.0(18.0) Armour
 - Level 16.0(21.0) Dodging
 - Level 0.7(5.7) Stealth
 - Level 10.0 Invocations


You had 16 spell levels left.
You didn't know any spells.
Your spell library was empty.

Inventory:

Hand Weapons
 r - a +9 longbow of freezing (weapon)
Armour
 l - +5 swamp dragon scales (worn)
 m - a +0 pair of boots (worn)
 s - the +1 cloak of Inviolability (worn) {rF+}
   (You found it on level 2 of the Lair of Beasts)

   rF:        It protects you from fire.
 t - a +2 pair of gloves of hurling (worn)
 u - the +4 hat of Piciroge (worn) {Int+5}
   (Okawaru gifted it to you on level 14 of the Dungeon)

   Int:       It affects your intelligence (+5).
 w - a +2 leather armour of fire resistance
Jewellery
 b - the amulet "Kuotwa" (around neck) {+Inv Regen+ MP+9}
   (You acquired it on level 3 of the Spider Nest)

   [amulet of regeneration]

   MP:        It affects your magic capacity (+9).
   +Inv:      It lets you turn invisible.
   Regen:     It increases your rate of health regeneration.
 c - a ring of poison resistance
 e - a +6 ring of strength
 h - a ring of protection from fire
 j - a +6 ring of dexterity (left hand)
 v - a ring of protection from cold (right hand)
 Y - a ring of willpower
Wands
 n - a wand of digging (7)
Scrolls
 a - 3 scrolls of teleportation
 o - 23 scrolls of identify
Potions
 d - 5 potions of magic
 f - a potion of haste
 i - 3 potions of mutation
 k - 7 potions of curing
 p - 2 potions of might

Dungeon Overview and Level Annotations

Branches:
Dungeon (15/15)            Temple (1/1) D:4            Lair (5/5) D:11
  Swamp (3/4) Lair:2       Spider (4/4) Lair:2        Slime (0/5) Lair:5
    Orc (2/2) D:9             Elf (0/3) Orc:2        Vaults (0/5) D:14
 Depths (0/4) D:15

Altars:
Ashenzari
Cheibriados
Dithmenos
Elyvilon
Fedhas
Gozag
Hepliaklqana
Kikubaaqudgha
Makhleb
Nemelex Xobeh
Okawaru
Qazlal
Ru
Sif Muna
Trog
Uskayaw
Vehumet
Wu Jian
Xom
Yredelemnul
Zin
The Shining One
Jiyva

Shops:
D:1 !   D:2 [:   Orc:2 ([*:

Annotations:
D:7 1 runed translucent door, Crazy Yiuf
Lair:3 3 runed translucent doors, Fuxod's ghost, journeyman GnWn


Message History

The emperor scorpion stings you but does no damage.
The emperor scorpion completely misses you.
The emperor scorpion barely misses you.
The culicivora's many legs skitter faintly.
You shoot an arrow.
The culicivora's many legs skitter faintly.
The arrow hits the tarantella!
The arrow freezes the tarantella.
The tarantella is almost dead.
The tarantella completely misses you. You furiously retaliate!
You headbutt the tarantella!
You kill the tarantella!
Okawaru accepts your kill. Something closely misses you.
Something hits you but does no damage.
Deactivating autopickup; reactivate with Ctrl-A.
Something closely misses you.
You shoot an arrow. The arrow hits the emperor scorpion!!!
The arrow freezes the emperor scorpion.
The emperor scorpion is moderately wounded.
You feel sick.
You hear a faint skittering sound. x4
You feel you are being watched by something.
You feel your power leaking away.
The emperor scorpion completely misses you.
The emperor scorpion claws you but does no damage.
The emperor scorpion misses you.
You feel you are being watched by something.
You feel your power leaking away.
A redback comes into view.
The culicivora bites you but does no damage.
You shoot an arrow. The arrow hits the emperor scorpion!
The arrow freezes the emperor scorpion.
The emperor scorpion is heavily wounded.
You feel sick.
You are no longer poisoned.
You feel you are being watched by something.
You feel your power leaking away.
The emperor scorpion completely misses you. x3
You feel you are being watched by something.
Something hits you!
You die...

## .# ##
##s#..^#
#@.ss..#
#sss~.^#
#!s.s...#
#w~~s~~.#
[s~~s#..^
.~s~s# .~
.~.~.. .
#.[~~.~#


You could see 3 emperor scorpions, a steelbarb worm, an orb spider, 3
culicivoras and 6 redbacks.

Vanquished Creatures
  Nikola (Spider:1)
  Kirke (D:13)
  Agnes (Spider:1)
  Aizul (Swamp:1)
  An emperor scorpion (Spider:3)
  2 ghouls (Swamp:3)
  3 orc warlords
  An eleionoma (Swamp:1)
  A bunyip (Swamp:3)
  A dire elephant (D:15)
  4 spark wasps
  Azrael (D:13)
  An entropy weaver (Spider:4)
  Fannar (D:11)
  A shambling mangrove (Swamp:3)
  2 ghost crabs (Swamp:3)
  7 hydras
  5 vault guards (D:14)
  6 centaur warriors
  2 radroaches
  A merfolk avatar (Lair:5)
  7 alligators
  Erica (D:8)
  6 boulder beetles
  3 orc high priests (Orc:2)
  6 demonic crawlers (Spider:3)
  Urug (Lair:4)
  2 deep elf knights (D:14)
  7 spriggans
  Sonja (D:11)
  Nergalle (Lair:2)
  Amaemon (Lair:1)
  4 skeletal warriors (D:15)
  2 pharaoh ants
  2 sun moths
  5 goliath frogs
  4 skysharks
  8 orb spiders
  2 bog bodies (Swamp:1)
  2 spriggan druids
  4 swamp dragons
  Pikel (D:7)
  3 harpies (Lair:5)
  5 orc sorcerers
  A deep elf zephyrmancer (D:9)
  5 orc knights
  3 deep elf pyromancers
  14 wolf spiders
  7 steelbarb worms
  5 manticores
  15 ugly things
  7 cyclopes
  A guardian serpent (shapeshifter) (D:14)
  4 will-o-the-wisps
  2 moths of wrath
  5 elephants
  A black mamba (Lair:5)
  An ice statue (Spider:4)
  An orange demon (Lair:1)
  3 torpor snails
  3 gargoyles
  2 unseen horrors
  8 cane toads
  A kobold demonologist (D:11)
  8 komodo dragons
  5 rime drakes
  An efreet (D:15)
  3 tengu conjurers
  6 tyrant leeches
  6 meliai
  7 trolls
  A bloated husk (Swamp:2)
  3 polar bears
  3 wind drakes (Lair:5)
  8 hornets
  14 tarantellas
  5 blink frogs (Lair:5)
  2 snapping turtles (Lair:5)
  9 culicivoras
  Sigmund (D:2)
  16 jumping spiders
  2 shadows
  4 slime creatures (D:15)
  A vampire (D:12)
  A wraith (D:13)
  37 yaks
  7 wyverns
  4 fire elementals (D:13)
  2 humans (D:13)
  2 basilisks
  A basilisk (shapeshifter) (D:10)
  A hog (D:13)
  32 redbacks
  Menkaure (D:4)
  A steam dragon (D:7)
  A warg (Orc:1)
  4 vampire mosquitoes
  10 swamp worms
  3 hell hounds (D:13)
  12 water moccasins
  2 acid dragons
  44 orc warriors
  4 black bears
  A sky beast (D:8)
  An ice beast (D:6)
  A swamp drake (Swamp:3)
  4 ogres
  13 centaurs
  3 lemures (D:7)
  A phantom (D:6)
  3 kobold brigands
  6 bullfrogs
  5 scorpions
  2 gnoll sergeants
  5 wights (D:7)
  6 killer bees (D:9)
  7 howler monkeys
  6 jellies
  A quasit (D:8)
  A gnoll bouda (D:4)
  35 orc priests
  2 hounds
  3 sleepcaps
  2 iguanas
  35 orc wizards
  5 hell rats (Lair:3)
  18 gnolls
  4 adders
  4 shadow imps (D:8)
  3 white imps (D:8)
  2 ufetubi
  4 worms
  A dart slug (D:5)
  101 orcs
  11 ball pythons
  3 bats
  6 endoplasms
  3 giant cockroaches
  2 hobgoblins
  7 quokkas
  6 frilled lizards
  7 goblins
  25 kobolds
  7 rats
847 creatures vanquished.

Vanquished Creatures (others)
  A necrophage (Swamp:3)
  2 orcs (Orc:1)
  33 foxfires
36 creatures vanquished.

Grand Total: 883 creatures vanquished

Notes
Turn   | Place    | Note
-------+----------+-------------------------------------------
     0 | D:1      | qw the Minotaur Hunter began the quest for the Orb.
     0 | D:1      | Reached XP level 1. HP: 18/18 MP: 0/0
     0 | D:1      | 0 ||| qw: Version: 0.2-a-117-gc6b5c8b
     0 | D:1      | 0 ||| qw: Game counter: 2426
     0 | D:1      | 0 ||| qw: Always use a shield: true
     0 | D:1      | 0 ||| qw: God list: Okawaru
     0 | D:1      | 0 ||| qw: Allow faded altars: false
     0 | D:1      | 0 ||| qw: Do Orc after D:15 true
     0 | D:1      | 0 ||| qw: Do second Lair branch before Depths: true
     0 | D:1      | 0 ||| qw: Lair rune preference: random
     0 | D:1      | 0 ||| qw: Plans: Normal
     0 | D:1      | 0 ||| PLANNING D:1-11
   133 | D:1      | Reached skill level 5 in Ranged Weapons
   133 | D:1      | Reached XP level 2. HP: 25/25 MP: 1/1
   174 | D:1      | 174 ||| FLEEEEING.
   180 | D:1      | 180 ||| FLEEEEING.
   181 | D:1      | 181 ||| FLEEEEING.
   182 | D:1      | 182 ||| FLEEEEING.
   183 | D:1      | 183 ||| FLEEEEING.
   184 | D:1      | 184 ||| FLEEEEING.
   196 | D:1      | 196 ||| FLEEEEING.
   197 | D:1      | 197 ||| FLEEEEING.
   198 | D:1      | 198 ||| FLEEEEING.
   203 | D:1      | 203 ||| FLEEEEING.
   204 | D:1      | 204 ||| FLEEEEING.
   360 | D:1      | Reached skill level 3 in Fighting
   376 | D:1      | Reached XP level 3. HP: 31/31 MP: 2/2
   664 | D:1      | Found Bofas's Distillery.
   679 | D:1      | 679 ||| BUYING potion of curing (30 gold).
   679 | D:1      | Bought a potion of curing for 30 gold pieces
   679 | D:1      | 679 ||| SHOPLISTING potion of haste (100 gold, have 45).
   679 | D:1      | 679 ||| SHOPLISTING potion of mutation (80 gold, have 45).
   691 | D:1      | 691 ||| UPGRADING to +0 cloak.
   696 | D:1      | 696 ||| UPGRADING to +6 ring of strength.
   697 | D:1      | 697 ||| READING 7 scrolls labelled CELAVY BADWUV.
   701 | D:1      | 701 ||| READING scroll labelled ZYEWNO VASE.
   702 | D:1      | 702 ||| READING scroll labelled OSHROLU QAILI.
   703 | D:1      | 703 ||| READING scroll labelled OCKACK GIUNUH.
   704 | D:1      | 704 ||| DRINKING 2 silvery potions.
   705 | D:1      | 705 ||| DROPPING scroll of butterflies.
   707 | D:1      | 707 ||| Stepping ~*~*~tactically~*~*~ (cloud).
   911 | D:2      | Found Zaniusteoxke's Book Shoppe.
  1082 | D:2      | Found Ecoh's Armour Shoppe.
  1086 | D:2      | 1086 ||| BUYING +0 ring mail (52 gold).
  1086 | D:2      | Bought a +0 ring mail for 52 gold pieces
  1126 | D:2      | Found a stormy altar of Qazlal.
  1146 | D:2      | Noticed Sigmund
  1157 | D:2      | Killed Sigmund
  1158 | D:2      | Reached skill level 7 in Ranged Weapons
  1158 | D:2      | Reached XP level 4. HP: 38/38 MP: 3/3
  1158 | D:2      | Reached XP level 5. HP: 45/45 MP: 4/4
  1288 | D:2      | 1288 ||| UPGRADING to +0 pair of gloves.
  1293 | D:2      | 1293 ||| UPGRADING to +0 ring mail.
  1303 | D:2      | 1303 ||| DROPPING +0 leather armour.
  1304 | D:2      | 1304 ||| READING scroll labelled ERCHIN ZONU.
  1305 | D:2      | 1305 ||| READING scroll labelled WUFEASK JUMU.
  1592 | D:3      | Found a sacrificial altar of Ru.
  1634 | D:3      | Reached skill level 1 in Armour
  1921 | D:3      | 1921 ||| UPGRADING to +0 swamp dragon scales.
  1931 | D:3      | 1931 ||| DROPPING +0 ring mail.
  1932 | D:3      | 1932 ||| UPGRADING to ring of willpower.
  1933 | D:3      | 1933 ||| READING scroll labelled QAOBOINYDE.
  1934 | D:3      | 1934 ||| READING 3 scrolls labelled DADIUJO HITOACH.
  1935 | D:3      | 1935 ||| READING scroll labelled TYHAICV HEEC.
  1936 | D:3      | 1936 ||| READING scroll labelled DIRIWU GOOK SUR.
  1936 | D:3      | Identified a scroll of acquirement
  1936 | D:3      | 1936 ||| ACQUIRING +2 longbow of freezing
  1936 | D:3      | Acquired a +2 longbow of freezing
  1938 | D:3      | 1938 ||| SWAPPING to +2 longbow of freezing.
  1939 | D:3      | 1939 ||| DROPPING +1 shortbow.
  1940 | D:3      | 1940 ||| READING 2 scrolls of identify.
  1940 | D:3      | 1940 ||| IDENTIFYING clear potion
  1941 | D:3      | 1941 ||| DROPPING potion of enlightenment.
  1979 | D:4      | 1979 ||| STAIRDANCE
  2006 | D:4      | Reached XP level 6. HP: 51/51 MP: 5/5
  2007 | D:4      | 2007 ||| Stepping ~*~*~tactically~*~*~ (outnumbered).
  2053 | D:4      | Found a staircase to the Ecumenical Temple.
  2054 | D:4      | 2054 ||| PLANNING TEMPLE
  2062 | Temple   | Entered the Ecumenical Temple
  2062 | Temple   | Found a transporter.
  2062 | Temple   | Found a transporter.
  2064 | Temple   | Found a transporter.
  2064 | Temple   | Found a transporter.
  2073 | Temple   | 2073 ||| PLANNING OKAWARU WORSHIP
  2080 | Temple   | Became a worshipper of Warmaster Okawaru
  2080 | Temple   | 2080 ||| PLANNING D:1-11
  2118 | D:4      | 2118 ||| READING scroll of enchant weapon.
  2118 | D:4      | 2118 ||| ENCHANTING +2 longbow of freezing.
  2192 | D:4      | Reached skill level 8 in Ranged Weapons
  2197 | D:4      | Reached XP level 7. HP: 61/61 MP: 6/6
  2201 | D:4      | Identified the +6 whip of Buclodek {heavy, +Blink Dex+5
                  | Stlth-}
  2221 | D:4      | 2221 ||| Stepping ~*~*~tactically~*~*~ (outnumbered).
  2223 | D:4      | 2223 ||| Stepping ~*~*~tactically~*~*~ (outnumbered).
  2225 | D:4      | 2225 ||| Stepping ~*~*~tactically~*~*~ (outnumbered).
  2248 | D:4      | Noticed Menkaure
  2250 | D:4      | Killed Menkaure
  2250 | D:4      | Reached * piety under Okawaru
  2805 | D:4      | 2805 ||| DRINKING 2 fizzy white potions.
  2805 | D:4      | Gained mutation: You occasionally lose the ability to read
                  | scrolls when taking damage. [potion of mutation]
  2805 | D:4      | Lost mutation: You occasionally lose the ability to read
                  | scrolls when taking damage. [potion of mutation]
  2806 | D:4      | 2806 ||| READING 2 scrolls of identify.
  2806 | D:4      | 2806 ||| IDENTIFYING fizzy inky potion
  2837 | D:5      | Entered Level 5 of the Dungeon
  2850 | D:5      | Found a bloodstained altar of Trog.
  2857 | D:5      | Reached skill level 1 in Invocations
  2873 | D:5      | Reached skill level 3 in Armour
  3036 | D:5      | Reached XP level 8. HP: 63/68 MP: 7/9
  3083 | D:5      | 3083 ||| INVOKING Heroism.
  3086 | D:5      | Reached skill level 3 in Invocations
  3237 | D:5      | 3237 ||| INVOKING Heroism.
  3239 | D:5      | Reached skill level 9 in Ranged Weapons
  3398 | D:5      | Found a shimmering blue altar of Sif Muna.
  3622 | D:5      | 3622 ||| UPGRADING to +0 pair of boots.
  3627 | D:5      | 3627 ||| READING scroll labelled NIOBLI KUUSU.
  3728 | D:5      | 3728 ||| DRINKING 3 smoky silvery potions.
  3778 | D:5      | 3778 ||| DROPPING 2 potions of lignification.
  3805 | D:6      | Noticed a hornet
  3808 | D:6      | Killed a hornet
  3999 | D:6      | 3999 ||| READING scroll of enchant armour.
  3999 | D:6      | 3999 ||| ENCHANTING +0 swamp dragon scales.
  4010 | D:6      | Reached ** piety under Okawaru
  4011 | D:6      | Reached skill level 6 in Fighting
  4474 | D:6      | 4474 ||| DROPPING ring of flight.
  4475 | D:6      | 4475 ||| READING 2 scrolls of identify.
  4475 | D:6      | 4475 ||| IDENTIFYING green potion
  4476 | D:6      | 4476 ||| DROPPING potion of brilliance.
  4497 | D:7      | Reached skill level 10 in Ranged Weapons
  4658 | D:7      | Noticed Pikel
  4659 | D:7      | 4659 ||| INVOKING Heroism.
  4666 | D:7      | Killed Pikel
  4667 | D:7      | Reached skill level 6 in Armour
  4667 | D:7      | Reached XP level 9. HP: 75/78 MP: 8/11
  4941 | D:7      | 4941 ||| INVOKING Heroism.
  4945 | D:7      | 4945 ||| Stepping ~*~*~tactically~*~*~ (cloud).
  4946 | D:7      | 4946 ||| Stepping ~*~*~tactically~*~*~ (cloud).
  4966 | D:7      | 4966 ||| Stepping ~*~*~tactically~*~*~ (outnumbered).
  4968 | D:7      | 4968 ||| Stepping ~*~*~tactically~*~*~ (outnumbered).
  4975 | D:7      | 4975 ||| Stepping ~*~*~tactically~*~*~ (outnumbered).
  4984 | D:7      | Reached skill level 11 in Ranged Weapons
  5166 | D:7      | Found a runed translucent door.
  5167 | D:7      | Noticed Crazy Yiuf
  5288 | D:7      | Found a glowing golden altar of the Shining One.
  5412 | D:7      | 5412 ||| DROPPING +0 ring mail of positive energy.
  5444 | D:8      | 5444 ||| INVOKING Heroism.
  5451 | D:8      | Noticed Erica
  5452 | D:8      | Reached *** piety under Okawaru
  5455 | D:8      | 5455 ||| Stepping ~*~*~tactically~*~*~ (outnumbered).
  5460 | D:8      | HP: 16/79 [yak (5)]
  5461 | D:8      | 5461 ||| READING 7 scrolls of teleportation.
  5461 | D:8      | HP: 7/79 [yak (9)]
  5462 | D:8      | 5462 ||| DRINKING 3 potions of heal wounds.
  5464 | D:8      | 5464 ||| DRINKING 2 potions of heal wounds.
  5465 | D:8      | 5465 ||| DRINKING potion of heal wounds.
  5470 | D:8      | 5470 ||| INVOKING Heroism.
  5497 | D:8      | 5497 ||| INVOKING Heroism.
  5513 | D:8      | 5513 ||| INVOKING Heroism.
  5518 | D:8      | Killed Erica
  5519 | D:8      | Reached skill level 12 in Ranged Weapons
  5519 | D:8      | Reached XP level 10. HP: 38/86 MP: 9/12
  5521 | D:8      | Reached **** piety under Okawaru
  5746 | D:8      | 5746 ||| Stepping ~*~*~tactically~*~*~ (outnumbered).
  5861 | D:8      | 5861 ||| Stepping ~*~*~tactically~*~*~ (outnumbered).
  5865 | D:8      | 5865 ||| Stepping ~*~*~tactically~*~*~ (outnumbered).
  6115 | D:8      | 6115 ||| UPGRADING to +1 pair of gloves.
  6125 | D:8      | 6125 ||| DROPPING +0 pair of gloves.
  6126 | D:8      | 6126 ||| UPGRADING to +6 ring of dexterity.
  6153 | D:9      | Noticed a deep elf zephyrmancer
  6157 | D:9      | Killed a deep elf zephyrmancer
  6158 | D:9      | Reached skill level 6 in Dodging
  6188 | D:9      | 6188 ||| READING scroll of enchant armour.
  6188 | D:9      | 6188 ||| ENCHANTING +1 swamp dragon scales.
  6237 | D:9      | Found a stormy altar of Qazlal.
  6296 | D:9      | Reached skill level 6 in Invocations
  6373 | D:9      | 6373 ||| INVOKING Heroism.
  6379 | D:9      | Reached skill level 13 in Ranged Weapons
  6608 | D:9      | 6608 ||| Stepping ~*~*~tactically~*~*~ (outnumbered).
  6649 | D:9      | Found a staircase to the Orcish Mines.
  7034 | D:9      | 7034 ||| DROPPING +2 leather armour of cold resistance.
  7035 | D:9      | 7035 ||| READING scroll labelled PAKKOA JEABEUCW.
  7067 | D:10     | Entered Level 10 of the Dungeon
  7078 | D:10     | 7078 ||| INVOKING Heroism.
  7162 | D:10     | 7162 ||| READING scroll of enchant armour.
  7162 | D:10     | 7162 ||| ENCHANTING +2 swamp dragon scales.
  7205 | D:10     | Reached skill level 9 in Fighting
  7206 | D:10     | Reached ***** piety under Okawaru
  7274 | D:10     | Found a burning altar of Makhleb.
  7286 | D:10     | Found a blossoming altar of Fedhas.
  7321 | D:10     | 7321 ||| INVOKING Heroism.
  7325 | D:10     | Reached XP level 11. HP: 97/97 MP: 12/15
  7717 | D:10     | 7717 ||| DROPPING +0 troll leather armour.
  7718 | D:10     | 7718 ||| DROPPING ring of resist corrosion.
  7769 | D:11     | 7769 ||| INVOKING Heroism.
  7776 | D:11     | Received a gift from Okawaru
  7792 | D:11     | 7792 ||| INVOKING Heroism.
  7900 | D:11     | 7900 ||| INVOKING Heroism.
  7919 | D:11     | You fall into a shaft and drop 3 floors!
  8020 | D:14     | Noticed a deep elf pyromancer
  8023 | D:14     | Killed a deep elf pyromancer
  8027 | D:14     | 8027 ||| READING scroll labelled EXKEN AXAO.
  8028 | D:14     | 8028 ||| READING 12 scrolls of identify.
  8028 | D:14     | 8028 ||| IDENTIFYING emerald potion
  8057 | D:13     | 8057 ||| READING scroll of enchant weapon.
  8057 | D:13     | 8057 ||| ENCHANTING +3 longbow of freezing.
  8098 | D:13     | 8098 ||| INVOKING Heroism.
  8171 | D:13     | Noticed a centaur warrior
  8171 | D:13     | Noticed a brown ugly thing
  8172 | D:13     | 8172 ||| Stepping ~*~*~tactically~*~*~ (outnumbered).
  8175 | D:13     | 8175 ||| Stepping ~*~*~tactically~*~*~ (outnumbered).
  8178 | D:13     | 8178 ||| Stepping ~*~*~tactically~*~*~ (outnumbered).
  8179 | D:13     | 8179 ||| Stepping ~*~*~tactically~*~*~ (outnumbered).
  8180 | D:13     | Killed a brown ugly thing
  8181 | D:13     | 8181 ||| Stepping ~*~*~tactically~*~*~ (outnumbered).
  8194 | D:13     | 8194 ||| INVOKING Heroism.
  8196 | D:13     | Killed a centaur warrior
  8197 | D:13     | Reached skill level 9 in Invocations
  8297 | D:13     | 8297 ||| Stepping randomly (disturbance).
  8298 | D:13     | 8298 ||| Stepping randomly (disturbance).
  8299 | D:13     | 8299 ||| Stepping randomly (disturbance).
  8310 | D:13     | 8310 ||| READING 12 scrolls of identify.
  8310 | D:13     | 8310 ||| IDENTIFYING murky emerald potion
  8338 | D:12     | 8338 ||| Stepping randomly (disturbance).
  8339 | D:12     | 8339 ||| Stepping randomly (disturbance).
  8393 | D:12     | Noticed a cyan ugly thing
  8402 | D:12     | Killed a cyan ugly thing
  8403 | D:12     | Reached skill level 14 in Ranged Weapons
  8560 | D:12     | 8560 ||| READING scroll labelled JEOREO QEHIST.
  8566 | D:12     | Noticed a green ugly thing
  8578 | D:12     | Killed a green ugly thing
  8758 | D:11     | 8758 ||| INVOKING Heroism.
  8761 | D:11     | Received a gift from Okawaru
  8835 | D:11     | Found a staircase to the Lair.
  8880 | D:11     | 8880 ||| INVOKING Heroism.
  9050 | D:11     | Noticed Fannar
  9060 | D:11     | 9060 ||| INVOKING Heroism.
  9061 | D:11     | Killed Fannar
  9257 | D:11     | Noticed Sonja
  9258 | D:11     | 9258 ||| INVOKING Finesse.
  9262 | D:11     | Killed Sonja
  9263 | D:11     | Reached XP level 12. HP: 81/105 MP: 12/18
  9516 | D:11     | 9516 ||| PLANNING LAIR
  9516 | D:11     | 9516 ||| READING 11 scrolls of identify.
  9516 | D:11     | 9516 ||| IDENTIFYING metallic grey potion
  9517 | D:11     | 9517 ||| DROPPING potion of degeneration.
  9537 | Lair:1   | Entered Level 1 of the Lair of Beasts
  9605 | Lair:1   | Received a gift from Okawaru
  9645 | Lair:1   | 9645 ||| INVOKING Heroism.
  9858 | Lair:1   | 9858 ||| FLEEEEING.
  9861 | Lair:1   | 9861 ||| FLEEEEING.
  9862 | Lair:1   | 9862 ||| FLEEEEING.
  9864 | Lair:1   | 9864 ||| FLEEEEING.
  9876 | Lair:1   | Noticed Amaemon
  9877 | Lair:1   | 9877 ||| INVOKING Heroism.
  9887 | Lair:1   | Killed Amaemon
 10334 | Lair:1   | Identified the +5 falchion of Qinilegu {flame, Contam rElec
                  | rC+++ Dex-4}
 10407 | Lair:1   | 10407 ||| UPGRADING to ring of protection from fire.
 10434 | Lair:2   | Found a hole to the Spider Nest.
 10445 | Lair:2   | Reached skill level 15 in Ranged Weapons
 10475 | Lair:2   | Identified the +5 great mace "Kiasav" {speed, rCorr}
 10529 | Lair:2   | 10529 ||| INVOKING Heroism.
 10551 | Lair:2   | 10551 ||| READING scroll of enchant weapon.
 10551 | Lair:2   | 10551 ||| ENCHANTING +4 longbow of freezing.
 10553 | Lair:2   | Identified the +1 cloak of Inviolability {rF+}
 10564 | Lair:2   | Noticed Nergalle
 10570 | Lair:2   | 10570 ||| INVOKING Heroism.
 10575 | Lair:2   | Killed Nergalle
 10575 | Lair:2   | Identified the +5 orcbow "Litra" {freeze, Str+3} (Okawaru
                  | gifted it to you on level 2 of the Lair of Beasts)
 10575 | Lair:2   | Received a gift from Okawaru
 10737 | Lair:2   | Found a staircase to the Swamp.
 10831 | Lair:2   | Noticed a seven-headed hydra
 10832 | Lair:2   | 10832 ||| INVOKING Heroism.
 10833 | Lair:2   | 10833 ||| INVOKING Finesse.
 10841 | Lair:2   | Killed a seven-headed hydra
 10842 | Lair:2   | Reached skill level 16 in Ranged Weapons
 10882 | Lair:2   | Identified the +1 chain mail of Iclaxtoll {rN+ Slay-6
                  | Stlth+}
 11323 | Lair:2   | 11323 ||| UPGRADING to +1 cloak of Inviolability {rF+}.
 11333 | Lair:2   | 11333 ||| DROPPING +0 cloak.
 11334 | Lair:2   | 11334 ||| UPGRADING to ring of willpower.
 11357 | Lair:3   | Noticed an eight-headed hydra
 11358 | Lair:3   | 11358 ||| INVOKING Heroism.
 11362 | Lair:3   | Killed an eight-headed hydra
 11363 | Lair:3   | Reached skill level 9 in Dodging
 11468 | Lair:3   | Found a runed translucent gate.
 11576 | Lair:3   | Found a runed translucent gate.
 11576 | Lair:3   | Found a runed translucent gate.
 11589 | Lair:3   | 11589 ||| INVOKING Heroism.
 11746 | Lair:3   | 11746 ||| INVOKING Heroism.
 11820 | Lair:3   | Noticed Fuxod's ghost (journeyman GnWn)
 11901 | Lair:3   | Noticed a six-headed hydra
 11902 | Lair:3   | 11902 ||| INVOKING Heroism.
 11906 | Lair:3   | Killed a six-headed hydra
 11907 | Lair:3   | Reached XP level 13. HP: 116/116 MP: 16/19
 12363 | Lair:4   | 12363 ||| READING 3 scrolls of enchant weapon.
 12363 | Lair:4   | 12363 ||| ENCHANTING +5 longbow of freezing.
 12364 | Lair:4   | 12364 ||| READING 2 scrolls of enchant weapon.
 12364 | Lair:4   | 12364 ||| ENCHANTING +6 longbow of freezing.
 12365 | Lair:4   | 12365 ||| READING scroll of enchant weapon.
 12365 | Lair:4   | 12365 ||| ENCHANTING +7 longbow of freezing.
 12434 | Lair:4   | Noticed Urug
 12435 | Lair:4   | 12435 ||| INVOKING Heroism.
 12436 | Lair:4   | 12436 ||| INVOKING Finesse.
 12444 | Lair:4   | Killed Urug
 12537 | Lair:4   | Reached skill level 17 in Ranged Weapons
 12846 | Lair:4   | 12846 ||| UPGRADING to +2 pair of gloves of hurling.
 12856 | Lair:4   | 12856 ||| DROPPING +1 pair of gloves.
 12857 | Lair:4   | 12857 ||| DROPPING +4 ring mail.
 12858 | Lair:4   | 12858 ||| DROPPING +1 leather armour of poison resistance.
 12859 | Lair:4   | 12859 ||| READING 2 scrolls labelled XIAMNEU NOIBAPPE.
 12860 | Lair:4   | 12860 ||| READING scroll labelled WENIUZXEBBA.
 12861 | Lair:4   | 12861 ||| READING 13 scrolls of identify.
 12861 | Lair:4   | 12861 ||| IDENTIFYING yellow potion
 12862 | Lair:4   | 12862 ||| DROPPING scroll of fog.
 12863 | Lair:4   | 12863 ||| DROPPING potion of attraction.
 12892 | Lair:5   | Entered Level 5 of the Lair of Beasts
 12923 | Lair:5   | 12923 ||| INVOKING Heroism.
 13078 | Lair:5   | Identified the +6 arbalest of the Pyrrhic Victory {penet,
                  | rF- rN+ MP+9 Int+2} (Okawaru gifted it to you on level 5 of
                  | the Lair of Beasts)
 13078 | Lair:5   | Received a gift from Okawaru
 13113 | Lair:5   | Found a viscous altar of Jiyva.
 13115 | Lair:5   | Found a staircase to the Slime Pits.
 13145 | Lair:5   | 13145 ||| INVOKING Heroism.
 13396 | Lair:5   | 13396 ||| INVOKING Heroism.
 13401 | Lair:5   | Reached skill level 18 in Ranged Weapons
 13435 | Lair:5   | 13435 ||| INVOKING Heroism.
 13551 | Lair:5   | Reached skill level 12 in Fighting
 13562 | Lair:5   | 13562 ||| INVOKING Heroism.
 13605 | Lair:5   | 13605 ||| INVOKING Heroism.
 13606 | Lair:5   | 13606 ||| INVOKING Finesse.
 13675 | Lair:5   | 13675 ||| DROPPING ring of wizardry.
 13676 | Lair:5   | 13676 ||| DRINKING 2 bubbling clear potions.
 13677 | Lair:5   | 13677 ||| READING 13 scrolls of identify.
 13677 | Lair:5   | 13677 ||| IDENTIFYING fizzy ruby potion
 13682 | Lair:5   | 13682 ||| READING 12 scrolls of identify.
 13682 | Lair:5   | 13682 ||| IDENTIFYING purple potion
 13683 | Lair:5   | 13683 ||| DROPPING potion of invisibility.
 13684 | Lair:5   | 13684 ||| DROPPING potion of ambrosia.
 13757 | Lair:5   | 13757 ||| INVOKING Heroism.
 13935 | Lair:5   | 13935 ||| PLANNING D
 14071 | D:12     | 14071 ||| INVOKING Heroism.
 14114 | D:12     | 14114 ||| READING scroll of enchant weapon.
 14114 | D:12     | 14114 ||| ENCHANTING +8 longbow of freezing.
 14148 | D:12     | Reached skill level 9 in Armour
 14185 | D:12     | 14185 ||| INVOKING Heroism.
 14501 | D:13     | Noticed Azrael
 14502 | D:13     | 14502 ||| INVOKING Heroism.
 14506 | D:13     | Reached XP level 14. HP: 126/126 MP: 17/20
 14518 | D:13     | Killed Azrael
 14714 | D:13     | Noticed Kirke
 14715 | D:13     | 14715 ||| INVOKING Heroism.
 14723 | D:13     | Killed Kirke
 14918 | D:13     | Reached skill level 19 in Ranged Weapons
 15508 | D:14     | Identified the +4 hat of Piciroge {Int+5} (Okawaru gifted
                  | it to you on level 14 of the Dungeon)
 15508 | D:14     | Received a gift from Okawaru
 15511 | D:14     | 15511 ||| INVOKING Heroism.
 15776 | D:14     | Found a gate to the Vaults.
 15789 | D:14     | 15789 ||| INVOKING Heroism.
 16041 | D:14     | 16041 ||| UPGRADING to +4 hat of Piciroge {Int+5}.
 16046 | D:14     | 16046 ||| READING 17 scrolls of identify.
 16046 | D:14     | 16046 ||| IDENTIFYING lumpy brown potion
 16047 | D:14     | 16047 ||| DRINKING potion of experience.
 16047 | D:14     | Reached skill level 12 in Dodging
 16047 | D:14     | Reached XP level 15. HP: 135/135 MP: 21/21
 16076 | D:15     | Entered Level 15 of the Dungeon
 16077 | D:15     | 16077 ||| INVOKING Heroism.
 16089 | D:15     | 16089 ||| STAIRDANCE
 16284 | D:15     | 16284 ||| STAIRDANCE
 16363 | D:15     | 16363 ||| STAIRDANCE
 16451 | D:15     | Found a staircase to the Depths.
 16452 | D:15     | 16452 ||| INVOKING Heroism.
 16453 | D:15     | 16453 ||| INVOKING Finesse.
 16536 | D:15     | 16536 ||| READING scroll of enchant armour.
 16536 | D:15     | 16536 ||| ENCHANTING +3 swamp dragon scales.
 16550 | D:15     | 16550 ||| Stepping ~*~*~tactically~*~*~ (outnumbered).
 16762 | D:15     | 16762 ||| INVOKING Heroism.
 16778 | D:15     | Reached skill level 20 in Ranged Weapons
 16972 | D:15     | 16972 ||| PLANNING ORC
 16972 | D:15     | 16972 ||| DROPPING ring of ice.
 16973 | D:15     | 16973 ||| UPGRADING to ring of protection from cold.
 17081 | Orc:1    | Entered Level 1 of the Orcish Mines
 17082 | Orc:1    | 17082 ||| INVOKING Heroism.
 17087 | Orc:1    | 17087 ||| Stepping ~*~*~tactically~*~*~ (outnumbered).
 17122 | Orc:1    | 17122 ||| INVOKING Heroism.
 17450 | Orc:2    | Entered Level 2 of the Orcish Mines
 17450 | Orc:2    | Found a staircase to the Elven Halls.
 17462 | Orc:2    | 17462 ||| STAIRDANCE
 17559 | Orc:1    | 17559 ||| INVOKING Heroism.
 17576 | Orc:1    | Paralysed by an orc sorcerer for 5 turns
 17875 | Orc:2    | 17875 ||| Stepping ~*~*~tactically~*~*~ (outnumbered).
 17878 | Orc:2    | 17878 ||| Stepping ~*~*~tactically~*~*~ (outnumbered).
 17937 | Orc:2    | 17937 ||| INVOKING Heroism.
 18008 | Orc:2    | 18008 ||| INVOKING Heroism.
 18009 | Orc:2    | 18009 ||| Stepping ~*~*~tactically~*~*~ (outnumbered).
 18010 | Orc:2    | 18010 ||| Stepping ~*~*~tactically~*~*~ (outnumbered).
 18028 | Orc:2    | 18028 ||| Stepping ~*~*~tactically~*~*~ (outnumbered).
 18031 | Orc:2    | 18031 ||| Stepping ~*~*~tactically~*~*~ (outnumbered).
 18045 | Orc:2    | 18045 ||| INVOKING Heroism.
 18056 | Orc:2    | 18056 ||| Stepping ~*~*~tactically~*~*~ (outnumbered).
 18113 | Orc:2    | Reached XP level 16. HP: 147/147 MP: 22/22
 18114 | Orc:2    | 18114 ||| INVOKING Heroism.
 18120 | Orc:2    | Reached skill level 15 in Fighting
 18127 | Orc:2    | 18127 ||| Stepping ~*~*~tactically~*~*~ (outnumbered).
 18129 | Orc:2    | 18129 ||| Stepping ~*~*~tactically~*~*~ (outnumbered).
 18241 | Orc:2    | 18241 ||| INVOKING Heroism.
 18334 | Orc:2    | Found Qul Rosa's Antique Armour Emporium.
 18335 | Orc:2    | Found Iwiozoerr's Antique Weapon Shoppe.
 18337 | Orc:2    | Found Gadeb's General Store.
 18337 | Orc:2    | Found Isuat's Book Emporium.
 18351 | Orc:2    | 18351 ||| BUYING dyed leather armour (135 gold).
 18351 | Orc:2    | Bought a dyed leather armour for 135 gold pieces
 18351 | Orc:2    | 18351 ||| BUYING pair of runed gloves (202 gold).
 18351 | Orc:2    | Bought a pair of runed gloves for 202 gold pieces
 18458 | Orc:2    | 18458 ||| INVOKING Heroism.
 18569 | Orc:2    | 18569 ||| DROPPING +0 leather armour of willpower.
 18570 | Orc:2    | 18570 ||| DROPPING +2 pair of gloves of infusion.
 18737 | Orc:2    | 18737 ||| PLANNING SPIDER:1-3
 18830 | Spider:1 | Entered Level 1 of the Spider Nest
 18830 | Spider:1 | Noticed Agnes
 18831 | Spider:1 | 18831 ||| INVOKING Heroism.
 18835 | Spider:1 | Killed Agnes
 19003 | Spider:1 | Noticed Nikola
 19004 | Spider:1 | 19004 ||| INVOKING Heroism.
 19010 | Spider:1 | Killed Nikola
 19020 | Spider:1 | 19020 ||| INVOKING Finesse.
 19101 | Spider:1 | 19101 ||| INVOKING Finesse.
 19493 | Spider:1 | 19493 ||| INVOKING Heroism.
 19841 | Spider:2 | 19841 ||| Stepping ~*~*~tactically~*~*~ (outnumbered).
 19858 | Spider:2 | 19858 ||| INVOKING Heroism.
 20086 | Spider:2 | 20086 ||| INVOKING Finesse.
 20124 | Spider:2 | 20124 ||| INVOKING Heroism.
 20125 | Spider:2 | 20125 ||| Stepping ~*~*~tactically~*~*~ (outnumbered).
 20231 | Spider:2 | 20231 ||| INVOKING Heroism.
 20232 | Spider:2 | 20232 ||| Stepping ~*~*~tactically~*~*~ (outnumbered).
 20243 | Spider:2 | 20243 ||| Stepping ~*~*~tactically~*~*~ (outnumbered).
 20245 | Spider:2 | 20245 ||| INVOKING Finesse.
 20246 | Spider:2 | 20246 ||| Stepping ~*~*~tactically~*~*~ (outnumbered).
 20737 | Spider:3 | 20737 ||| INVOKING Heroism.
 20844 | Spider:3 | 20844 ||| READING scroll of acquirement.
 20844 | Spider:3 | 20844 ||| ACQUIRING amulet "Kuotwa" {+Inv Regen+ MP+9}
 20844 | Spider:3 | Acquired the amulet "Kuotwa" {+Inv Regen+ MP+9}
 20846 | Spider:3 | 20846 ||| UPGRADING to amulet "Kuotwa" {+Inv Regen+ MP+9}.
 20998 | Spider:3 | 20998 ||| Stepping ~*~*~tactically~*~*~ (cloud).
 21109 | Spider:3 | 21109 ||| INVOKING Heroism.
 21122 | Spider:3 | Reached skill level 12 in Armour
 21160 | Spider:3 | 21160 ||| Stepping ~*~*~tactically~*~*~ (outnumbered).
 21173 | Spider:3 | 21173 ||| INVOKING Heroism.
 21734 | Spider:3 | Reached skill level 15 in Dodging
 21849 | Spider:3 | 21849 ||| INVOKING Finesse.
 21906 | Spider:3 | 21906 ||| INVOKING Finesse.
 22084 | Spider:3 | 22084 ||| PLANNING SWAMP:1-3
 22182 | Swamp:1  | Entered Level 1 of the Swamp
 22183 | Swamp:1  | 22183 ||| INVOKING Heroism.
 22239 | Swamp:1  | Received a gift from Okawaru
 22247 | Swamp:1  | 22247 ||| INVOKING Heroism.
 22265 | Swamp:1  | Reached XP level 17. HP: 163/163 MP: 23/23
 22274 | Swamp:1  | Noticed Aizul
 22275 | Swamp:1  | 22275 ||| INVOKING Heroism.
 22282 | Swamp:1  | Killed Aizul
 22378 | Swamp:1  | 22378 ||| Stepping ~*~*~tactically~*~*~ (water).
 22420 | Swamp:1  | Reached skill level 18 in Fighting
 22499 | Swamp:1  | 22499 ||| INVOKING Heroism.
 22717 | Swamp:2  | 22717 ||| INVOKING Heroism.
 22784 | Swamp:2  | 22784 ||| INVOKING Heroism.
 22808 | Swamp:2  | Found an opulent altar of Gozag.
 22848 | Swamp:2  | 22848 ||| FLEEEEING.
 22849 | Swamp:2  | 22849 ||| FLEEEEING.
 22850 | Swamp:2  | 22850 ||| FLEEEEING.
 22861 | Swamp:2  | Received a gift from Okawaru
 22973 | Swamp:2  | 22973 ||| READING scroll of enchant armour.
 22973 | Swamp:2  | 22973 ||| ENCHANTING +4 swamp dragon scales.
 23008 | Swamp:2  | 23008 ||| INVOKING Heroism.
 23309 | Swamp:3  | 23309 ||| INVOKING Heroism.
 23313 | Swamp:3  | 23313 ||| Stepping ~*~*~tactically~*~*~ (outnumbered).
 23318 | Swamp:3  | 23318 ||| Stepping ~*~*~tactically~*~*~ (outnumbered).
 23325 | Swamp:3  | HP: 33/163 [ghoul (16)]
 23326 | Swamp:3  | 23326 ||| READING 15 scrolls of teleportation.
 23327 | Swamp:3  | 23327 ||| DRINKING 3 potions of heal wounds.
 23329 | Swamp:3  | 23329 ||| DRINKING 2 potions of heal wounds.
 23335 | Swamp:3  | 23335 ||| Stepping ~*~*~tactically~*~*~ (water).
 23336 | Swamp:3  | 23336 ||| Stepping ~*~*~tactically~*~*~ (outnumbered).
 23337 | Swamp:3  | 23337 ||| Stepping ~*~*~tactically~*~*~ (outnumbered).
 23347 | Swamp:3  | HP: 25/163 [bunyip[a spriggan druid] (32)]
 23348 | Swamp:3  | 23348 ||| READING 14 scrolls of teleportation.
 23349 | Swamp:3  | 23349 ||| DRINKING potion of heal wounds.
 23351 | Swamp:3  | HP: 8/163 [bunyip[a spriggan druid] (38)]
 23362 | Swamp:3  | 23362 ||| READING 13 scrolls of teleportation.
 23366 | Swamp:3  | 23366 ||| INVOKING Heroism.
 23367 | Swamp:3  | 23367 ||| READING 12 scrolls of teleportation.
 23372 | Swamp:3  | 23372 ||| READING 11 scrolls of teleportation.
 23376 | Swamp:3  | HP: 25/163 [spriggan rider/+0 spear (10)]
 23380 | Swamp:3  | 23380 ||| READING 10 scrolls of teleportation.
 23381 | Swamp:3  | 23381 ||| Stepping ~*~*~tactically~*~*~ (water).
 23381 | Swamp:3  | HP: 23/163 [will-o-the-wisp (8)]
 23389 | Swamp:3  | 23389 ||| FLEEEEING.
 23394 | Swamp:3  | 23394 ||| READING 9 scrolls of teleportation.
 23399 | Swamp:3  | 23399 ||| READING 8 scrolls of teleportation.
 23439 | Swamp:3  | 23439 ||| INVOKING Heroism.
 23587 | Swamp:3  | 23587 ||| INVOKING Heroism.
 23593 | Swamp:3  | 23593 ||| Stepping ~*~*~tactically~*~*~ (cloud).
 23745 | Swamp:3  | 23745 ||| PLANNING SPIDER:4
 23745 | Swamp:3  | 23745 ||| DRINKING 2 golden potions.
 23906 | Spider:4 | Entered Level 4 of the Spider Nest
 23919 | Spider:4 | 23919 ||| DRINKING potion of resistance.
 23946 | Spider:4 | 23946 ||| INVOKING Heroism.
 23979 | Spider:4 | 23979 ||| Stepping ~*~*~tactically~*~*~ (outnumbered).
 23984 | Spider:4 | 23984 ||| Stepping ~*~*~tactically~*~*~ (outnumbered).
 23988 | Spider:4 | 23988 ||| Stepping ~*~*~tactically~*~*~ (outnumbered).
 24004 | Spider:4 | 24004 ||| INVOKING Heroism.
 24010 | Spider:4 | 24010 ||| READING 7 scrolls of teleportation.
 24011 | Spider:4 | 24011 ||| DRINKING 10 potions of curing.
 24011 | Spider:4 | 24011 ||| (to cure confusion)
 24012 | Spider:4 | 24012 ||| DRINKING 9 potions of curing.
 24012 | Spider:4 | 24012 ||| (to cure confusion)
 24016 | Spider:4 | 24016 ||| DRINKING potion of cancellation.
 24022 | Spider:4 | 24022 ||| DRINKING 8 potions of curing.
 24022 | Spider:4 | 24022 ||| (to cure confusion)
 24024 | Spider:4 | HP: 37/166 [wolf spider (8)]
 24025 | Spider:4 | 24025 ||| READING 6 scrolls of teleportation.
 24029 | Spider:4 | HP: 23/166 [poisoned by a wolf spider]
 24030 | Spider:4 | 24030 ||| READING 5 scrolls of teleportation.
 24031 | Spider:4 | HP: 8/166 [wolf spider (14)]
 24034 | Spider:4 | 24034 ||| READING 4 scrolls of teleportation.
 24036 | Spider:4 | HP: 9/166 [poisoned by a wolf spider]
 24037 | Spider:4 | Mangled by a ghost moth

Levels and vault maps discovered:
D:1:      heliophobic_arrival_enchanted_forest, layout_loops_ring, serial_shops,
          nicolae_shop_tiny_glass, serial_bayou_pond_a, minmay_misc_feat_room
D:2:      layout_basic, serial_shops, nicolae_diamond_shop, shop, basic_altar,
          uniq_sigmund
D:3:      layout_basic, nicolae_ru_awakened_eye
D:4:      layout_loops_ring, minmay_temple_entry_junction,
          hangedman_decor_opposing, uniq_menkaure
D:5:      layout_loops_ring, led_sif_pool, trog_three_pillars_becter
D:6:      layout_cave_pods, grunt_decor_cap
D:7:      layout_loops_cross, nicolae_tso_swordbearing_angel,
          uniq_crazy_yiuf_cottage, uniq_pikel
D:8:      layout_rooms, serial_demonic, serial_demonic_d, serial_demonic_b,
          serial_demonic_c, serial_demonic_f, hex_intersection, uniq_erica
D:9:      layout_irregular_city, nicolae_qazlal_scattered_showers,
          hiddenorc2_lemuel, minmay_librarian
D:10:     layout_cave_pools, mainiacjoe_overflow_large_starburst
D:11:     layout_basic, david_lair_generic, uniq_sonja, uniq_fannar
D:12:     layout_small_grid
D:13:     layout_gridville, uniq_kirke, uniq_azrael
D:14:     layout_loops_cross, grunt_vaults_entry_fortified, minivault_23,
          serial_bayou_pond_e
D:15:     hangedman_depths_entry_try_elsewhere_first, layout_rooms
Temple:   hellmonk_temple_divided_pantheon
Lair:1:   layout_regular_city, infiniplex_staircase_pool, grunt_megastairs_5,
          uniq_amaemon
Lair:2:   layout_regular_city, minmay_swamp_entry_worms,
          spider_nest_entry_web_field, chequers_serial_rivers_large_b,
          uniq_nergalle
Lair:3:   layout_chaotic_city, ebering_ghost_rock_garden, grunt_megastairs_1
Lair:4:   layout_hall_layers, uniq_urug
Lair:5:   gammafunk_lair_ancient_temple, layout_gridlike,
          nicolae_slime_entry_slimehenge
Swamp:1:  layout_falls_marsh, evilmike_swamp_ruin_house_1, swamp_pool3,
          infiniplex_staircase_pool_2, uniq_aizul
Swamp:2:  layout_basic_swamp, nicolae_swamp_godswood
Swamp:3:  layout_basic_swamp, nicolae_swamp_round_clearing
Spider:1: layout_cave_pods, uniq_nikola, uniq_agnes
Spider:2: layout_spider_delve
Spider:3: layout_chambers, hellmonk_narrow_tunnel
Spider:4: grunt_spider_rune_circles, portal_ice_cave_entry_ice_statue_one,
          uniq_arachne, uniq_roxanne
Orc:1:    layout_caves
Orc:2:    st_orc_congregation, layout_diamond_mine

Skill      XL: |  1  2  3  4  5  6  7  8  9 10 11 12 13 14 15 16 17 |
---------------+----------------------------------------------------+-----
Ranged Weapons | 5 7 8 10 12 13 14 16 18 19 20 | 20.0
Fighting       | 3 5 6 7 9 11 12 13 14 17 18 | 18.9
Armour         | 2 3 6 7 9 10 12 13 | 13.0
Dodging        | 4 5 6 8 9 10 12 15 16 | 16.0
Invocations    | 2 4 7 10 | 10.0
Stealth        | |  0.7

Action                     |  1- 3 |  4- 6 |  7- 9 | 10-12 | 13-15 | 16-18 || total
---------------------------+-------+-------+-------+-------+-------+-------++-------
   Fire: Shortbow          |   115 |    39 |       |       |       |       ||   154
         Longbow           |       |    36 |   215 |   508 |   792 |   770 ||  2321
 Invoke: Heroism           |       |       |     8 |    20 |    23 |    25 ||    76
         Finesse           |       |       |       |     2 |     3 |     6 ||    11
    Use: Scroll            |     4 |     8 |     5 |    10 |    11 |    14 ||    52
         Potion            |     1 |       |     5 |       |     2 |     9 ||    17
 Armour: Leather armour    |     9 |       |       |       |       |       ||     9
         Swamp dragon scal |       |     9 |    50 |    78 |   106 |   160 ||   403
  Dodge: Dodged            |    28 |    11 |   109 |   165 |   295 |   590 ||  1198

Table legend:
 A = Non-vault XP
 B = Vault XP
 C = Vault XP percentage of total XP
 D = Non-vault monster count
 E = Vault monster count
 F = Vault count percentage of total count
                 A         B        C        D         E       F
            +---------+---------+-------+---------+---------+-------
      Total |  158082 |   54148 |  25.5 |     642 |     200 |  23.8
            +---------+---------+-------+---------+---------+-------
        D:1 |      47 |       0 |   0.0 |      25 |       0 |   0.0
        D:2 |      36 |     226 |  86.3 |      20 |       1 |   4.8
        D:3 |      54 |       0 |   0.0 |       8 |       0 |   0.0
        D:4 |     512 |     172 |  25.1 |      33 |       1 |   2.9
        D:5 |     734 |       0 |   0.0 |      20 |       0 |   0.0
        D:6 |     625 |       0 |   0.0 |       6 |       0 |   0.0
        D:7 |    1145 |     651 |  36.2 |      18 |       1 |   5.3
        D:8 |    2297 |     883 |  27.8 |      37 |      10 |  21.3
        D:9 |     966 |     929 |  49.0 |      10 |      31 |  75.6
       D:10 |    2265 |       0 |   0.0 |      15 |       0 |   0.0
       D:11 |    2365 |    2619 |  52.5 |      16 |       6 |  27.3
       D:12 |    8786 |       0 |   0.0 |      25 |       0 |   0.0
       D:13 |    5493 |    3911 |  41.6 |      13 |      10 |  43.5
       D:14 |    6128 |    6677 |  52.1 |      11 |      10 |  47.6
       D:15 |   11991 |    3027 |  20.2 |      25 |       4 |  13.8
     Lair:1 |    1516 |    2348 |  60.8 |       7 |       7 |  50.0
     Lair:2 |    6046 |    1076 |  15.1 |      22 |       2 |   8.3
     Lair:3 |    5077 |     642 |  11.2 |      22 |       2 |   8.3
     Lair:4 |    2614 |     787 |  23.1 |       6 |       1 |  14.3
     Lair:5 |    4794 |    9292 |  66.0 |      15 |      28 |  65.1
    Swamp:1 |   10389 |    1224 |  10.5 |      22 |       1 |   4.3
    Swamp:2 |    7649 |       0 |   0.0 |      16 |       0 |   0.0
    Swamp:3 |   16594 |       0 |   0.0 |      28 |       0 |   0.0
   Spider:1 |   15428 |    3741 |  19.5 |      38 |       2 |   5.0
   Spider:2 |    8455 |       0 |   0.0 |      19 |       0 |   0.0
   Spider:3 |   21366 |    2541 |  10.6 |      53 |       4 |   7.0
   Spider:4 |    5298 |    2379 |  31.0 |      10 |       8 |  44.4
      Orc:1 |    4638 |       0 |   0.0 |      40 |       0 |   0.0
      Orc:2 |    4774 |   11023 |  69.8 |      62 |      71 |  53.4
            +---------+---------+-------+---------+---------+-------
